 Dungeon Crawl Stone Soup version 0.28.0-53-g5a82cb258f (webtiles) character file.

Game seed: 7666257362740810900

452 safid the Cleaver (level 7, -2/59 HPs)
             Began as a Hill Orc Fighter on Aug 22, 2022.
             Was an Initiate of Okawaru.
             Slain by an ogre
             ... wielding a +0 giant spiked club
              (17 damage)
             ... on level 5 of the Dungeon.
             The game lasted 00:05:28 (5035 turns).

safid the Cleaver (Hill Orc Fighter)                Turns: 5035, Time: 00:05:28

Health: -2/59      AC: 10    Str: 21    XL:     7   Next: 4%
Magic:  7/7        EV:  9    Int:  8    God:    Okawaru [......]
Gold:   144        SH:  4    Dex: 10    Spells: 6/6 levels left

rFire   . . .      SeeInvis .   a - +0 war axe
rCold   . . .      Faith    .   c - +0 buckler
rNeg    . . .      Spirit   .   b - +0 scale mail
rPois   .          Reflect  .   s - +0 helmet
rElec   .          Harm     .   n - +1 cloak
rCorr   .          Rampage  .   (no gloves)
Will    .....                   (no boots)
Stlth   ..........              (no amulet)
HPRegen 0.19/turn               (no ring)
MPRegen 0.10/turn               (no ring)

@: no status effects
A: no striking features
a: Renounce Religion


You were on level 5 of the Dungeon.
You worshipped Okawaru.
Okawaru was noncommittal.
You visited 2 branches of the dungeon, and saw 6 of its levels.

You collected 144 gold pieces.

Inventory:

Hand Weapons
 a - a +0 war axe (weapon)
Missiles
 l - 16 poisoned darts (quivered)
Armour
 b - a +0 scale mail (worn)
 c - a +0 buckler (worn)
 n - a +1 cloak (worn)
 s - a +0 helmet (worn)
Scrolls
 f - 3 scrolls of identify {unknown}
 g - 3 scrolls of brand weapon {unknown}
 i - a scroll of teleportation {unknown}
 j - a scroll of blinking {unknown}
 k - a scroll of magic mapping {unknown}
 o - 2 scrolls of vulnerability {unknown}
 u - a scroll of enchant weapon {unknown}
 w - a scroll of fear {unknown}
 x - a scroll of noise {unknown}
Potions
 d - a potion of might
 e - a potion of curing {unknown}
 h - 3 potions of mutation {unknown}
 m - a potion of flight {unknown}
 p - a potion of invisibility {unknown}
 q - a potion of attraction {unknown}
 r - a potion of degeneration {unknown}
 t - a potion of heal wounds {unknown}
 v - 2 potions of resistance {unknown}


   Skills:
 - Level 4.0 Fighting
 + Level 8.7 Axes
 - Level 4.0 Armour
 - Level 4.0 Shields


You had 6 spell levels left.
You didn't know any spells.
Your spell library contained the following spells:

 Spells                   Type           Power      Damage    Failure   Level
 Summon Small Mammal      Summ           Unusable   N/A       N/A         1
 Call Canine Familiar     Summ           Unusable   N/A       N/A         3
 Summon Guardian Golem    Hex/Summ       Unusable   N/A       N/A         3

Dungeon Overview and Level Annotations

Branches:
Dungeon (5/15)             Temple (1/1) D:4

Altars:
Cheibriados
Dithmenos
Elyvilon
Fedhas
Hepliaklqana
Kikubaaqudgha
Makhleb
Nemelex Xobeh
Okawaru
Ru
Uskayaw
Vehumet
Xom
Yredelemnul
The Shining One

Shops:
D:2 =   D:3 =   D:4 *

Annotations:
D:5 Blork the orc


Message History

HP restored.
l - 16 poisoned darts (gained 7)
Items here: ( ))) ††.
Things that are here:
a +0 club; 3 stones; a kobold corpse
Found a ring mail.
You see here a +0 ring mail.
You now have 144 gold pieces (gained 11).
o - 2 scrolls labelled PUETAF DYEN (gained 1)
w - a scroll labelled NYQUBO ASABB
x - a scroll labelled HITENA ULUTONK An adder comes into view.
The adder hisses angrily.
You hear a shout!
An ogre comes into view. It is wielding a +0 giant spiked club.
You closely miss the adder. The adder bites you.
You miss the adder. The adder bites you but does no damage.
The adder closely misses you.
You slash the adder!
You kill the adder!
Okawaru accepts your kill.
You hit the ogre but do no damage. The ogre hits you but does no damage.
You hit the ogre.
The ogre is lightly wounded.
The ogre hits you with a +0 giant spiked club!!
You slash the ogre!
The ogre is heavily wounded.
The ogre hits you with a +0 giant spiked club!!
* * * LOW HITPOINT WARNING * * *
You are too injured to fight recklessly!
You are too injured to fight recklessly!
You are too injured to fight recklessly!
You are too injured to fight recklessly!
You are too injured to fight recklessly!
You are too injured to fight recklessly!
Unknown command.
There is a stone staircase leading up here.
You completely miss the ogre.
The ogre is heavily wounded.
The ogre hits you with a +0 giant spiked club!
You die...

#... #..# #..# #..#
##############
#..#.#@..##.......#
#..#...O....#####.#
#..#####.#..#...#.#
#........#..#.#.#.#
#.####..##..#.#.#.#
...........#......#.#)#.#
...#..#.##.#.####.#<#)#.#
....#.# #.# #.###.#.#
#.## ..# #.# #.#...#.#


You could see an ogre.

Vanquished Creatures
  A centaur (D:3)
  A kobold brigand (D:5)
  A scorpion (D:4)
  An orc priest (D:3)
  A scorpion zombie (D:3)
  An orc wizard (D:4)
  4 adders
  A howler monkey skeleton (D:3)
  A worm (D:4)
  11 orcs
  11 bats
  13 endoplasms
  4 giant cockroaches
  9 goblins
  4 hobgoblins
  2 jackals (D:4)
  4 quokkas
  13 ball pythons
  A ball python skeleton (D:3)
  3 frilled lizards
  14 kobolds
  A quokka skeleton (D:3)
  A quokka zombie (D:3)
  4 rats
107 creatures vanquished.

Notes
Turn   | Place    | Note
-------+----------+-------------------------------------------
     0 | D:1      | safid the Hill Orc Fighter began the quest for the Orb.
     0 | D:1      | Reached XP level 1. HP: 19/19 MP: 1/1
   376 | D:1      | Reached skill level 3 in Axes
   376 | D:1      | Reached XP level 2. HP: 26/27 MP: 2/2
   607 | D:1      | Reached XP level 3. HP: 33/33 MP: 3/3
   961 | D:1      | Found a blossoming altar of Fedhas.
  1442 | D:2      | Reached XP level 4. HP: 24/40 MP: 4/4
  1677 | D:2      | Found Dyrchy Egink's Jewellery Shoppe.
  1747 | D:2      | Reached skill level 4 in Axes
  2092 | D:3      | Found Tamnoi's Jewellery Boutique.
  2227 | D:3      | Reached skill level 5 in Axes
  2227 | D:3      | Reached XP level 5. HP: 17/46 MP: 5/5
  2489 | D:3      | Reached skill level 6 in Axes
  2589 | D:3      | Noticed a centaur
  2604 | D:3      | Killed a centaur
  2605 | D:3      | Reached skill level 7 in Axes
  2605 | D:3      | Reached XP level 6. HP: 9/52 MP: 6/6
  3929 | D:4      | Reached skill level 8 in Axes
  4022 | D:4      | Found Jothristo's Overcharged Wands.
  4389 | D:4      | Found a staircase to the Ecumenical Temple.
  4421 | Temple   | Entered the Ecumenical Temple
  4481 | Temple   | Became a worshipper of Warmaster Okawaru
  4590 | D:5      | Entered Level 5 of the Dungeon
  4590 | D:5      | Noticed Blork the orc
  4903 | D:5      | Reached XP level 7. HP: 50/59 MP: 7/7
  5035 | D:5      | Slain by an ogre

Illustrated notes

Levels and vault maps discovered:
D:1:      elethiomel_arrival_quiet, layout_basic, kennysheep_flooded_box,
          amcnicky_mini_pool_small, chequers_serial_rivers_micro_a,
          minmay_vboxes
D:2:      layout_basic, serial_shops, shop_statue
D:3:      minmay_door_path, layout_basic, serial_undead, serial_undead_a,
          serial_undead_d, serial_undead_c, serial_undead_d, serial_shops,
          nicolae_square_shop, grunt_ministairs_3,
          nicolae_elevator_lobby_asterisk
D:4:      layout_layer_cave, minmay_temple_entry_enclosed_plants,
          nicolae_shop_overcharged_wands
D:5:      layout_basic, mainiacjoe_overflow_24_doors, uniq_blork_the_orc
Temple:   eino_wide_crystal_templ

Skill      XL: |  1  2  3  4  5  6 |
---------------+-------------------+-----
Axes           | 3 5 7 8 |  8.7
Fighting       | 4 |  4.0
Armour         | 4 |  4.0
Shields        | 4 |  4.0

Action                   |  1- 3 |  4- 6 |  7- 9 || total
-------------------------+-------+-------+-------++-------
Melee: War axe           |   112 |   162 |     9 ||   283
Armor: Scale mail        |    73 |    77 |     2 ||   152
Dodge: Dodged            |    59 |    79 |     1 ||   139
Block: Buckler           |    35 |    31 |     2 ||    68
